 Dungeon Crawl Stone Soup version 0.20.1-1-g8b1a95d (webtiles) character file.

41 McKennaii the Ruffian (level 3, 0/28 HPs)
             Began as a Draconian Transmuter on July 21, 2017.
             Killed by divine providence
             ... invoked by an orc priest
              (13 damage)
             ... on level 3 of the Dungeon.
             The game lasted 00:01:15 (1545 turns).

McKennaii the Ruffian (Draconian Transmuter)        Turns: 1545, Time: 00:01:15

Health: 0/28       AC:  6    Str: 12    XL:     3   Next: 32%
Magic:  6/6        EV: 12    Int: 14    God:
Gold:   123        SH:  0    Dex: 11    Spells: 3/6 levels left

rFire    . . .     SeeInvis .     - Unarmed
rCold    . . .     Gourm    .   (no shield)
rNeg     . . .     Faith    .   (armour unavailable)
rPois    .         Spirit   .   (helmet restricted)
rElec    .         Reflect  .   (no cloak)
rCorr    .         Harm     .   f - +0 pair of gloves
MR       .....                  (no boots)
Stlth    +.........             (no amulet)
Regen    0.1/turn               (no ring)
MPRegen  0.1/turn               (no ring)

@: no status effects
A: unfitting armour, cold-blooded, AC +5
a: no special abilities


You were on level 3 of the Dungeon.
You were not hungry.

You visited 1 branch of the dungeon, and saw 3 of its levels.

You collected 123 gold pieces.

Inventory:

Missiles
 a - 32 arrows
Armour
 f - a +0 pair of gloves (worn)
Jewellery
 n - an uncursed ring of fire {unknown}
Wands
 o - a wand of lightning (5/15)
Scrolls
 d - 5 scrolls of identify {unknown}
 e - a scroll of noise {unknown}
 g - a scroll of magic mapping {unknown}
 i - a scroll of fear {unknown}
 l - 2 scrolls of immolation {unknown}
Potions
 h - 2 potions of resistance {unknown}
 j - a potion of curing {unknown}
 k - a potion of agility {unknown}
 q - a potion of berserk rage {unknown}
Books
 b - a book of Changes

   Spells                             Type                      Level
   a - Beastly Appendage              Transmutation                1
   b - Sticks to Snakes               Transmutation                2
   c - Spider Form                    Transmutation/Poison         3
   d - Ice Form                       Ice/Transmutation            4
   e - Blade Hands                    Transmutation                5
Comestibles
 c - 4 bread rations
 m - 4 fruits
 p - a royal jelly


   Skills:
 + Level 1.1 Fighting
 + Level 2.2 Dodging
 + Level 0.4 Stealth
 + Level 3.8 Unarmed Combat
 + Level 2.1 Spellcasting
 * Level 2.1 Transmutations


You had 3 spell levels left.
You knew the following spells:

 Your Spells              Type           Power        Failure   Level  Hunger
a - Beastly Appendage     Tmut           #.....       10%         1    ##.....
b - Sticks to Snakes      Tmut           #.......     14%         2    ###....


Dungeon Overview and Level Annotations

Branches:
Dungeon (3/15)

Altars:
Qazlal


Innate Abilities, Weirdness & Mutations

Your plain brown scales are hard. (AC +5)
You cannot fit into any form of body armour.
You are cold-blooded and may be slowed by cold attacks.


Message History

You hit the leopard gecko.
You kill the leopard gecko!
The jackal barely misses you. x2; The jackal bites you.
The jackal barely misses you.
The orc priest calls down the wrath of Beogh upon you.
Beogh smites you!
You are too injured to fight recklessly!
You are too injured to fight recklessly!
You are too injured to fight recklessly!
You are too injured to fight recklessly!
You are too injured to fight recklessly!
You are too injured to fight recklessly!
You are too injured to fight recklessly!
You are too injured to fight recklessly!
You are too injured to fight recklessly!
The orc barely misses you. The jackal closely misses you.
The jackal misses you.
The orc priest invokes the aid of Beogh against you.
Beogh smites you!
You die...

#.# #........... #.#
#...##......... #.#
##...##......... #.#
#.............###..
#.#
###................>.
#.#
#....................
#...>................
#...............>..#
#..........@oh.?...#
#..........hh.o....#.
####[.....#..hK......
.............o......
.........#.........#
..........#..........
.....................
........##..........
... #..........


You could see an orc priest, 2 orcs, 4 jackals and a kobold.

Vanquished Creatures
  2 leopard geckos
  2 giant cockroaches
  6 goblins
  6 hobgoblins
  A quokka (D:2)
  7 bats
  8 frilled lizards
  2 kobolds (D:1)
  3 rats
37 creatures vanquished.

Notes
Turn   | Place    | Note
-------+----------+-------------------------------------------
     0 | D:1      | McKennaii the Draconian Transmuter began the quest for the Orb.
     0 | D:1      | Reached XP level 1. HP: 16/16 MP: 3/3
   179 | D:1      | Reached XP level 2. HP: 23/23 MP: 5/5
  1060 | D:2      | Reached XP level 3. HP: 27/28 MP: 6/6
  1097 | D:2      | Found a stormy altar of Qazlal.
  1471 | D:3      | Learned a level 2 spell: Sticks to Snakes
  1545 | D:3      | Killed from afar by an orc priest

Skill      XL: |  1  2 |
---------------+-------+-----
Dodging        | 2 |  2.2
Fighting       | |  1.1
Stealth        | |  0.4
Unarmed Combat | |  3.8
Spellcasting   | |  2.1
Transmutations | |  2.1

Action                   || total
-------------------------++-------
Melee: Unarmed           ||   117
       Tailslap          ||     7
       Punch             ||     3
 Stab: Sleeping          ||     2
  Eat: Chunk             ||     2
Armor: Skin              ||    54
Dodge: Dodged            ||    85
